Map: Abyssal Reef LE

Players

Nice

  • Race: Protoss Protoss
  • Spawn Location: 5:00

Arctur - Winner!

  • Race: Terran Terran
  • Spawn Location: 11:00

Event: WCS Valencia 2017

VOD

Have the link to the VOD?

Description

Time

  • Played on: July 13, 2017, 1:29 p.m.
  • Length: 10:30

All games in this series

Show
View Real Time Build Order
Export as new Build Order

Nice Protoss 

Build Orders: 1 Gate Expand 

Get SALT Encoding   

  12  0:02  Probe (Chrono Boost)  
  13  0:12  Probe (Chrono Boost)  
  14  0:17  Pylon  
  14  0:23  Probe (Chrono Boost)  
  15  0:35  Probe (Chrono Boost)  
  16  0:37  Gateway  
  16  0:46  Probe (Chrono Boost)  
  16  0:47  Assimilator  
  17  0:56  Probe (Chrono Boost)  
  18  1:07  Probe (Chrono Boost)  
  19  1:17  Probe (Chrono Boost)  
  20  1:25  Nexus  
  20  1:33  Cybernetics Core  
  20  1:37  Probe (Chrono Boost)  
  21  1:42  Assimilator  
  21  1:48  Probe (Chrono Boost)  
  21  1:53  Pylon  
  22  1:58  Probe (Chrono Boost)  
  23  2:12  Mothership Core (Chrono Boost), Adept  
  27  2:17  Warp Gate (Chrono Boost)  
  27  2:30  Probe (Chrono Boost)  
  28  2:39  Probe (Chrono Boost)  
  28  2:41  Probe (Chrono Boost), Adept  
  32  2:46  Robotics Facility  
  32  2:49  Probe (Chrono Boost)  
  33  2:51  Probe (Chrono Boost)  
  34  2:58  Probe (Chrono Boost)  
  34  3:02  Probe  
  36  3:07  Gateway  
  36  3:12  Gateway  
  36  3:15  Probe x2  
  38  3:21  Adept  
  38  3:25  Probe  
  38  3:27  Probe  
  41  3:32  Pylon  
  42  3:34  Warp Prism (Chrono Boost)  
  44  3:43  Probe  
  44  3:44  Probe  
  44  3:48  Pylon  
  46  3:56  Pylon  
  46  3:58  Probe x2  
  48  4:09  Observer  
  48  4:10  Adept x3  
  55  4:21  Twilight Council  
  55  4:25  Pylon  
  55  4:30  Observer  
  55  4:31  Adept x3  
  62  4:49  Charge (Chrono Boost)  
  52  5:09  Immortal (Chrono Boost), Nexus  
  52  5:10  Probe x2  
  52  5:14  Assimilator  
  58  5:15  Adept x3  
  64  5:24  Probe x2, Pylon  
  66  5:36  Probe  
  67  5:44  Immortal (Chrono Boost)  
  72  5:52  Pylon  
  72  5:54  Pylon  
  72  5:56  Gateway  
  72  5:57  Gateway  
  71  5:58  Gateway  
  71  6:03  Sentry x2  
  71  6:04  Zealot  
  71  6:18  Pylon, Immortal (Chrono Boost)  
  75  6:19  Pylon  
  71  6:27  Zealot x3  
  71  6:32  Gateway  
  71  6:34  Gateway  
  71  6:50  Pylon  
  71  6:52  Immortal (Chrono Boost)  
  71  6:53  Zealot x4  
  71  6:54  Zealot  
  85  6:55  Sentry  
  81  7:14  Blink  
  77  7:17  Zealot x5  
  77  7:18  Zealot  
  89  7:24  Probe  
  89  7:25  Probe x2, Warp Prism (Chrono Boost)  
  94  7:41  Zealot x4  
  97  7:45  Zealot  
  97  7:53  Zealot x2  
  97  7:57  Observer (Chrono Boost)  
  96  8:23  Observer (Chrono Boost)  
  97  8:27  Stalker  
  97  8:28  Stalker x2  
  97  8:31  Nexus  
  97  8:32  Pylon  
  101  8:52  Probe  
  101  8:53  Stalker x3  
  101  8:54  Stalker x4  
  116  8:57  Sentry  
  118  9:09  Pylon  
  118  9:13  Pylon  
  82  9:26  Zealot x3  
  82  9:28  Zealot x2  
  82  9:29  Zealot  
  82  9:31  Zealot  
  82  9:41  Stalker  
  59  9:53  Stalker  
  59  9:54  Stalker x2  
  59  9:58  Sentry x2  
  64  10:01  Sentry  
  55  10:18  Sentry x3  
Show
View Real Time Build Order
Export as new Build Order

Arctur Terran - Winner!

Build Orders: Reaper Expand, MMM Bio 

Get SALT Encoding   

  12  0:00  SCV  
  13  0:12  SCV  
  14  0:17  Supply Depot  
  14  0:24  SCV  
  15  0:39  SCV  
  15  0:40  Barracks  
  16  0:44  Refinery  
  16  0:51  SCV  
  17  1:03  SCV  
  18  1:15  SCV  
  19  1:27  Orbital Command, Reaper  
  20  1:43  Command Center  
  20  1:53  SCV  
  21  1:57  Supply Depot  
  21  1:58  Marine  
  22  2:05  SCV  
  23  2:09  Factory  
  23  2:16  Refinery  
  23  2:19  SCV  
  23  2:21  Barracks Reactor  
  24  2:31  SCV  
  25  2:43  SCV  
  26  2:55  SCV  
  26  2:56  Starport, Widow Mine  
  26  2:57  Orbital Command, Marine  
  26  2:58  Marine  
  31  3:10  SCV  
  32  3:15  Marine x2  
  32  3:16  Barracks  
  34  3:23  SCV x2  
  34  3:24  Widow Mine  
  38  3:31  Supply Depot  
  38  3:35  SCV x2, Marine x2  
  38  3:38  Starport Tech Lab  
  42  3:45  Engineering Bay  
  42  3:47  SCV  
  42  3:48  SCV  
  44  3:53  Marine  
  44  3:54  Factory Tech Lab  
  45  3:57  Supply Depot  
  45  4:00  SCV  
  46  4:03  Barracks  
  46  4:06  SCV  
  47  4:12  SCV, Refinery  
  47  4:16  Siege Tank  
  51  4:20  Stimpack  
  51  4:22  Marine  
  51  4:23  Marine  
  53  4:24  Marine  
  54  4:37  SCV  
  55  4:39  Marine  
  55  4:40  Marine  
  55  4:42  Marine  
  55  4:44  Orbital Command  
  58  4:48  Siege Tank  
  59  4:59  Marine x2  
  61  5:00  Viking  
  61  5:10  SCV  
  61  5:11  Supply Depot  
  61  5:12  Barracks Tech Lab  
  62  5:15  SCV  
  62  5:18  Marine x2  
  62  5:19  Marine  
  62  5:20  Siege Tank  
  69  5:28  Supply Depot x2  
  69  5:30  SCV, Supply Depot  
  69  5:33  SCV  
  69  5:34  Starport Reactor  
  71  5:42  SCV  
  70  5:45  SCV, Combat Shields  
  71  5:50  Marine  
  71  5:51  Marine  
  71  5:54  Marine x2, SCV  
  76  5:57  SCV  
  76  6:02  Terran Infantry Armor Level 1  
  77  6:06  SCV  
  77  6:11  SCV  
  78  6:13  Marine x4  
  82  6:18  SCV, Medivac  
  82  6:19  Medivac  
  85  6:28  SCV  
  85  6:30  SCV, Marine  
  88  6:34  Marine x3  
  88  6:35  Refinery  
  88  6:39  Siege Tank  
  94  6:40  SCV  
  95  6:47  Liberator  
  95  6:48  Marine  
  95  6:51  Marine  
  95  6:52  Marine  
  95  6:53  Missile Turret  
  98  7:04  Marine  
  98  7:07  Marine  
  98  7:08  Command Center  
  98  7:11  Supply Depot  
  98  7:15  Marine x2  
  81  7:16  SCV x2  
  81  7:21  Factory Reactor  
  83  7:23  Marine  
  83  7:25  Marine, Medivac  
  83  7:28  SCV x2  
  89  7:30  Liberator  
  89  7:37  Marine x2  
  89  7:38  Liberator, Barracks  
  89  7:39  Barracks  
  89  7:40  SCV  
  92  7:46  Marine  
  92  7:47  Marine  
  97  7:55  Marine  
  97  7:57  Terran Infantry Weapons Level 1  
  101  8:02  Marine  
  101  8:04  Marine x2  
  98  8:12  Liberator, Marine  
  98  8:13  SCV  
  98  8:14  SCV  
  98  8:16  Widow Mine x2  
  105  8:20  Marine  
  105  8:22  Liberator, Marine x2  
  104  8:30  Barracks Reactor x2, Marine  
  104  8:31  SCV  
  109  8:38  Marine  
  109  8:40  Marine x2, Refinery  
  112  8:42  Refinery  
  112  8:43  SCV x2, Supply Depot  
  112  8:48  Orbital Command, Marine  
  114  8:55  SCV x2  
  117  8:56  Marine, Starport  
  117  8:58  Marine x2  
  120  9:03  Widow Mine x2  
  120  9:05  Marine  
  120  9:06  Liberator x2  
  120  9:07  SCV x2  
  127  9:12  Supply Depot  
  127  9:14  Marauder  
  127  9:15  SCV  
  130  9:24  Marine x7  
  116  9:30  SCV x3  
  117  9:35  Marine  
  114  9:42  Marine x7  
  103  9:53  Marine  
  103  9:57  SCV x2  
  103  9:59  Marine x2, Widow Mine x2  
  109  10:00  Marine x5  
  119  10:11  Marine  
  111  10:21  Fusion Core  
  111  10:22  Armory  
  111  10:23  Engineering Bay  
Tags
 
Add a new tag
Caveats
  • Supply blocks, unpowered buildings, or Contaminate may cause inaccurate times.
  • Supply counts are checked every 10 seconds.